 Dungeon Crawl Stone Soup version 0.23.2 (webtiles) character file.

Game seed: 4033779611989753342

1400 Kairos the Poker (level 9, -1/68 HPs)
             Began as a Formicid Abyssal Knight on Apr 9, 2019.
             Was a Priest of Lugonu.
             Slain by a bullfrog (8 damage)
             ... on level 6 of the Dungeon.
             The game lasted 00:15:37 (4870 turns).

Kairos the Poker (Formicid Abyssal Knight)          Turns: 4870, Time: 00:15:38

Health: -1/68      AC: 11    Str: 19      XL:     9   Next: 1%
Magic:  13/13      EV: 12    Int: 13      God:    Lugonu [***...]
Gold:   353        SH:  0    Dex:  9 (10) Spells: 2/8 levels left

rFire    . . .     SeeInvis +   i - +0 trident (freeze)
rCold    . . .     Gourm    .   (no shield)
rNeg     . . .     Faith    .   e - +1 leather armour "Kaywib" {+Inv rPois}
rPois    +         Spirit   .   (helmet unavailable)
rElec    .         Reflect  .   (no cloak)
rCorr    +         Harm     .   m - +1 pair of gloves
MR       .....                  t - +0 pair of boots
Stlth    ++........             (no amulet)
HPRegen  0.21/turn              d - +4 ring of protection
MPRegen  0.13/turn              r - ring of resist corrosion

@: very slightly contaminated
A: permanent stasis, dig shafts and tunnels, four strong arms, antennae 3
a: Dig, Shaft Self, Depart the Abyss, Bend Space, Banish, Renounce Religion,
Evoke Invisibility


You were on level 6 of the Dungeon.
You worshipped Lugonu.
Lugonu was most pleased with you.
You were near starving.

You visited 1 branch of the dungeon, and saw 6 of its levels.
You visited the Abyss 1 time.

You collected 353 gold pieces.

Inventory:

Hand Weapons
 i - a +0 trident of freezing (weapon)
Armour
 e - the +1 leather armour "Kaywib" (worn) {+Inv rPois}
   (You found it on level 2 of the Abyss)

   It protects you from poison.
   It lets you turn invisible.
 m - a +1 pair of gloves (worn)
 t - a +0 pair of boots (worn)
Jewellery
 d - a +4 ring of protection (left hand)
 r - a ring of resist corrosion (right hand)
Wands
 f - a wand of clouds (5)
 o - a wand of acid (4)
 u - a wand of flame (20)
Scrolls
 q - a scroll of fog
 v - 2 scrolls of magic mapping
 w - a scroll of remove curse
 y - a scroll of amnesia
Potions
 g - a potion of resistance
 h - 2 potions of curing
 k - 3 potions of brilliance
 l - a potion of invisibility
 n - a potion of lignification
 s - a potion of berserk rage
 x - a potion of mutation
 z - a potion of flight {unknown}
Comestibles
 c - 6 rations


   Skills:
 + Level 5.4 Fighting
 + Level 6.7 Polearms
 + Level 3.3 Armour
 + Level 3.3 Dodging
 + Level 3.4 Stealth
 * Level 5.7 Invocations
 + Level 1.2 Evocations


You had 2 spell levels left.
You knew the following spells:

 Your Spells              Type           Power        Failure   Level  Hunger
a - Slow                  Hex            #.......     47%         2    ###....
b - Cause Fear            Hex            #.........   98%         4    #####..

Your spell library contained the following spells:

 Spells                   Type           Power        Failure   Level  Hunger
 Corona                   Hex            #......      34%         1    ##.....
 Inner Flame              Hex/Fire       #.......     71%         3    ####...
 Portal Projectile        Hex/Tloc       #.....       71%         3    ####...
 Leda's Liquefaction      Hex/Erth       #.........   98%         4    #####..


Dungeon Overview and Level Annotations

Branches:
Dungeon (6/15)             Temple (0/1) D:4

Altars:
Makhleb
Okawaru
Qazlal
Trog
Uskayaw
Xom


Innate Abilities, Weirdness & Mutations

You cannot be hasted, slowed, berserked, paralysed or teleported.
You can dig through walls and to a lower floor.
Your four strong arms can wield two-handed weapons with a shield.
You have a pair of large antennae on your head. (SInv)


Message History

Unknown command.
Okay, then.
You aren't in the Abyss!
Space bends around you!
You blink.
Found a knobbly ruby ring.
A leopard gecko comes into view.
The leopard gecko hisses angrily.
You puncture the leopard gecko!
The leopard gecko seems to slow down.
You freeze the leopard gecko.
You kill the leopard gecko!
Lugonu accepts your kill.
Found a stone staircase leading down.
A bullfrog comes into view.
The bullfrog croaks.
The bullfrog completely misses you. The bullfrog closely misses you.
The bullfrog hits you!
* * * LOW HITPOINT WARNING * * *
The bullfrog hits you!
You die...

##.#..# ##..###>.....#..# ..
#.....###...###..#...#..# ...
#.#.......##...........#... #
..#...#.......###.#...#..###
####..........##..o......#.#....#
.... #..##......####...#.#....#
.... ##....).##o.####...#.#.....
.... ##....#.###F##......#.#.....
...###..........@##.#..###.#####.
..##....#..##..#......# #.....#.
#.#..##.#.o###.#.#....#######.#.
#.#.###.#..###......#..# #.#.#.
#.#.#.......##########.# #.#.#.
#รท#)###.##.## #.# #..... #)#o#
#.##..# #.# ##...> #.#.# #.....#
#.# #..... #.#o# #.....# #.#
#.....


You could see an orc warrior, a bullfrog and an orc.

Vanquished Creatures
  A black bear (D:6)
  2 phantoms (D:5)
  2 ogres
  A bullfrog (D:6)
  A big kobold (D:6)
  4 howler monkeys
  3 crimson imps
  A centaur zombie (D:6)
  2 hounds
  A quasit (D:6)
  A centaur skeleton (D:6)
  A bullfrog skeleton (D:5)
  A jelly (D:5)
  2 iguanas
  Ijyb (D:4)
  4 worker ants
  A hound zombie (D:6)
  3 adders
  A shadow imp (D:5)
  2 oozes
  3 worms
  A dart slug (D:1)
  7 leopard geckos
  16 orcs
  6 bats
  5 goblins (D:1)
  5 hobgoblins
  11 jackals
  15 kobolds
  5 quokkas
  2 ball pythons
  5 frilled lizards
  5 rats
121 creatures vanquished.

Notes
Turn   | Place    | Note
-------+----------+-------------------------------------------
     0 | Abyss:1  | Kairos the Formicid Abyssal Knight began the quest for the
                  | Orb.
     0 | Abyss:1  | Reached XP level 1. HP: 18/18 MP: 2/2
   136 | Abyss:2  | Got a faintly glowing leather armour
   137 | D:1      | Escaped the Abyss
   148 | D:1      | Identified the cursed +1 leather armour "Kaywib" {+Inv
                  | rPois} (You found it on level 2 of the Abyss)
   617 | D:1      | Reached XP level 2. HP: 24/25 MP: 3/3
   706 | D:1      | Reached * piety under Lugonu
   762 | D:1      | Found a shimmering altar of Xom.
   767 | D:1      | Reached XP level 3. HP: 30/30 MP: 4/4
   802 | D:1      | Reached skill level 1 in Stealth
  1368 | D:2      | Found a bloodstained altar of Trog.
  1393 | D:2      | Reached skill level 1 in Dodging
  1457 | D:2      | Found a hide-covered altar of Uskayaw.
  1460 | D:2      | Noticed a +0 hand axe
  1460 | D:2      | Noticed a +0 hand axe
  1472 | D:2      | Reached XP level 4. HP: 32/37 MP: 5/5
  1704 | D:2      | You fall through a shaft!
  2047 | D:3      | Found an iron altar of Okawaru.
  2102 | D:3      | Reached ** piety under Lugonu
  2123 | D:3      | Reached XP level 5. HP: 41/42 MP: 7/7
  2145 | D:3      | Reached skill level 3 in Polearms
  2299 | D:3      | Reached XP level 6. HP: 45/49 MP: 8/8
  2308 | D:3      | Found a burning altar of Makhleb.
  2515 | D:4      | Noticed Ijyb
  2530 | D:4      | Killed Ijyb
  2555 | D:4      | Found a staircase to the Ecumenical Temple.
  2641 | D:4      | Noticed an ogre
  2708 | D:4      | Found a stormy altar of Qazlal.
  3144 | D:4      | Killed an ogre
  3144 | D:4      | Reached skill level 4 in Polearms
  3167 | D:5      | Entered Level 5 of the Dungeon
  3177 | D:5      | Reached XP level 7. HP: 53/55 MP: 9/9
  3305 | D:5      | Learned a level 2 spell: Slow
  3310 | D:5      | Learned a level 4 spell: Cause Fear
  3530 | D:5      | Reached skill level 5 in Polearms
  3530 | D:5      | Reached skill level 1 in Evocations
  3555 | D:5      | Reached XP level 8. HP: 53/61 MP: 11/11
  3670 | D:5      | Reached *** piety under Lugonu
  3911 | D:6      | Reached skill level 5 in Fighting
  3911 | D:6      | Reached skill level 5 in Invocations
  3995 | D:6      | Reached skill level 6 in Polearms
  4843 | D:6      | Reached XP level 9. HP: 43/68 MP: 13/13
  4870 | D:6      | Slain by a bullfrog

Skill      XL: |  1  2  3  4  5  6  7  8 |
---------------+-------------------------+-----
Fighting       | 4 5 |  5.4
Stealth        | 1 2 3 |  3.4
Dodging        | 1 2 3 |  3.3
Invocations    | 3 4 5 |  5.7
Polearms       | 3 4 5 6 |  6.7
Armour         | 3 |  3.3
Evocations     | 1 |  1.2

Action                   |  1- 3 |  4- 6 |  7- 9 || total
-------------------------+-------+-------+-------++-------
Melee: Spear             |   133 |    88 |       ||   221
       Trident           |       |   113 |   330 ||   443
Invok: Depart the Abyss  |     1 |       |       ||     1
       Bend Space        |       |     3 |     1 ||     4
 Abil: Evoke Invisibilit |     2 |     1 |     4 ||     7
  Use: Scroll            |     5 |     7 |     5 ||    17
       Potion            |     1 |       |       ||     1
 Stab: Invisible         |     3 |       |     7 ||    10
       Sleeping          |     3 |     3 |     1 ||     7
       Distracted        |       |       |     1 ||     1
  Eat: Chunk             |     2 |     7 |     6 ||    15
Armor: Leather armour    |    49 |    73 |   136 ||   258
Dodge: Dodged            |   103 |   114 |   202 ||   419
